 Dungeon Crawl Stone Soup version 0.18-a0-49-gd105b5a (webtiles) character file.

7 Duffy the Firebug (level 2, 13/15 HPs)
             Began as a Gargoyle Fire Elementalist on Nov 6, 2015.
             Quit the game on level 1 of the Dungeon.
             The game lasted 00:00:39 (443 turns).

Duffy the Firebug (Gargoyle Fire Elementalist)       Turns: 443, Time: 00:00:39

Health: 13/15      AC:  4    Str: 11    XL:     2   Next: 4%
Magic:  0/5        EV: 12    Int: 15    God:
Gold:   18         SH:  0    Dex: 10    Spells: 1 memorised, 4 levels left

rFire  . . .     SeeInvis .     f - +0 mace (curse)
rCold  . . .     Clarity  .     a - +0 robe
rNeg   + . .     SustAt   .     (no shield)
rPois  ∞         Gourm    .     (no helmet)
rElec  +         Spirit   .     (no cloak)
rCorr  .         Warding  .     (no gloves)
rMut   .         Stasis   .     (no boots)
MR     .....                    (no amulet)
Stlth  +++.......               (no ring)
                                d - ring of stealth

@: not resistant to hostile enchantments, fairly stealthy
A: negative energy resistance 1, electricity resistance, unbreathing,
petrification resistance, rot immunity, AC +2
a: no special abilities


You were on level 1 of the Dungeon.
You were not hungry.

You visited 1 branch of the dungeon, and saw 1 of its levels.

You collected 18 gold pieces.


Innate Abilities, Weirdness & Mutations

You are resistant to torment.
Your stone body is resilient (AC +2).
You are immune to poison.
You resist negative energy.
You are resistant to electric shocks.
You can survive without breathing.
You are immune to petrification.
You are immune to rotting.


   Skills:
 - Level 1.5 Dodging
 - Level 2.1 Stealth
 + Level 2.3 Spellcasting
 + Level 1.7 Conjurations
 - Level 3.0 Fire Magic


You had 4 spell levels left.
You knew the following spells:

 Your Spells              Type           Power        Failure   Level  Hunger
a - Flame Tongue          Conj/Fire      #....        12%         1    #......

Inventory:

Hand Weapons
 f - a cursed +0 mace (weapon)
Missiles
 e - 47 stones (quivered)
Armour
 a - a +0 robe (worn)
Jewellery
 d - a ring of stealth (left hand)
Books
 b - a book of Flames
Comestibles
 c - 3 bread rations

Dungeon Overview and Level Annotations

Branches:
Dungeon (1/15)

Altars:


Message History

Magic restored.
You see here 8 gold pieces.
You now have 18 gold pieces (gained 8).
The hobgoblin shouts!
A kobold comes into view.
Cast which spell? (? or * to list)
Aiming: Flame Tongue
Press: ? - help, Shift-Dir - straight line, f - hobgoblin
Aim: a hobgoblin The flame tongue hits the hobgoblin.
You kill the hobgoblin!
You have reached level 2!
The kobold shouts!
You see here a glowing mace.
f - a glowing mace Wield which item (- for none, * to show all)? (? for menu, Esc to quit)
It sticks to your hand!
f - a cursed +0 mace (weapon)
The kobold hits you.
Cast which spell? (? or * to list)
Aiming: Flame Tongue
Press: ? - help, Shift-Dir - straight line, f - kobold
Aim: a kobold The flame tongue misses the kobold.
The kobold misses you.
Cast which spell? (? or * to list)
Aiming: Flame Tongue
Press: ? - help, Shift-Dir - straight line, f/p - kobold
Aim: a kobold The flame tongue misses the kobold.
The kobold barely misses you.
Cast which spell? (? or * to list)
Aiming: Flame Tongue
Press: ? - help, Shift-Dir - straight line, f/p - kobold
Aim: a kobold The flame tongue misses the kobold.
The kobold completely misses you.
Are you sure you want to abandon this character and quit the game? (Confirm with "yes".)

............##.### #.#
............##.#.### #.#
.##.........##.##..####'##
##.........##.####..'...'
#..........##.# ####.<.#
#..........##.####..'...'
#..........##.##..####'##
#.......†.###.#.### #.#
#......K@.# #.###########
##........# #............
##.#.##### #############
..... ...K. .... .


You could see a kobold.

Action                   || total
-------------------------++-------
 Cast: Flame Tongue      ||    14

Notes
Turn   | Place    | Note
--------------------------------------------------------------
     0 | D:1      | Duffy the Gargoyle Fire Elementalist began the quest for the Orb.
     0 | D:1      | Reached XP level 1. HP: 10/10 MP: 3/3
   434 | D:1      | Reached XP level 2. HP: 15/15 MP: 3/5
   443 | D:1      | Quit the game

Vault maps used:
D:1:      dpeg_arrival_radiant

Vanquished Creatures
  2 goblins
  A hobgoblin
  2 bats
  2 giant newts
7 creatures vanquished.
